Map: Redshift LE

Players

Solar

  • Race: Zerg Zerg
  • League: Diamond
  • Spawn Location: 11:00

lIIllllIIlll (INnoVation) - Winner!

  • Race: Terran Terran
  • League: Master
  • Spawn Location: 7:00

Event: HomeStory Cup XVII

VOD

Have the link to the VOD?

Description

Time

  • Played on: July 1, 2018, 2:16 p.m.
  • Length: 11:59

All games in this series

Show
View Real Time Build Order
Export as new Build Order

Solar Zerg 

Build Orders: Pool First 

Get SALT Encoding   

  12  0:01  Drone  
  13  0:13  Overlord  
  13  0:17  Drone  
  14  0:32  Drone x2  
  16  0:39  Drone  
  17  0:44  Extractor  
  17  0:49  Spawning Pool, Drone  
  16  0:58  Drone  
  17  1:15  Hatchery  
  17  1:18  Drone  
  17  1:22  Drone  
  18  1:35  Queen  
  18  1:37  Zergling x2  
  21  1:44  Metabolic Boost  
  21  1:51  Overlord  
  21  1:54  Drone  
  22  2:11  Queen, Drone  
  22  2:13  Drone  
  26  2:27  Queen  
  26  2:28  Drone  
  29  2:31  Drone  
  29  2:34  Drone  
  31  2:39  Drone  
  31  2:43  Overlord  
  31  2:44  Drone x2  
  33  2:48  Drone  
  33  2:49  Drone  
  35  2:57  Drone  
  36  3:05  Hatchery  
  36  3:08  Drone x2  
  36  3:11  Zergling x2  
  38  3:20  Drone x2  
  38  3:24  Overlord  
  38  3:25  Evolution Chamber  
  39  3:27  Drone  
  39  3:32  Drone  
  39  3:33  Drone  
  42  3:39  Queen  
  44  3:43  Drone  
  44  3:44  Drone x3  
  48  3:48  Overlord  
  48  3:50  Drone x2  
  48  3:53  Drone  
  48  3:55  Zerg Ground Armor Level 1, Drone  
  52  4:02  Overlord  
  52  4:07  Drone  
  52  4:11  Drone  
  52  4:12  Drone x2  
  55  4:17  Queen  
  55  4:19  Queen  
  55  4:21  Drone  
  55  4:22  Overlord, Zergling x2  
  55  4:23  Zergling x4  
  63  4:25  Zergling x2  
  63  4:28  Zergling x2  
  65  4:33  Zergling x2  
  65  4:34  Zergling x2  
  67  4:40  Zergling x2  
  67  4:45  Zergling x4  
  70  4:48  Zergling x2  
  70  4:50  Zergling x2  
  70  4:51  Overlord, Zergling x8  
  76  4:53  Queen, Zergling x6  
  76  4:57  Overlord  
  76  4:59  Overlord  
  81  5:02  Queen  
  81  5:03  Baneling Nest, Extractor  
  81  5:05  Drone  
  82  5:10  Drone x2  
  82  5:13  Overlord  
  84  5:17  Lair, Drone  
  84  5:20  Zergling x2  
  86  5:23  Zergling x6  
  86  5:25  Drone x2  
  86  5:26  Drone x2  
  86  5:27  Overlord  
  89  5:30  Drone  
  89  5:32  Drone x2  
  89  5:33  Drone  
  89  5:34  Extractor  
  92  5:38  Drone  
  92  5:40  Drone  
  92  5:42  Overlord  
  94  5:48  Zergling x2, Extractor  
  94  5:50  Zerg Melee Weapons Level 1  
  94  5:51  Zergling x2  
  94  5:52  Zergling x2  
  94  5:55  Hatchery  
  95  5:59  Drone  
  95  6:01  Baneling x3  
  95  6:02  Baneling x2  
  95  6:03  Zergling x2, Drone x3, Extractor  
  95  6:04  Zergling x4  
  101  6:06  Baneling x2  
  101  6:10  Zergling x4  
  103  6:14  Zergling x2  
  103  6:15  Zergling x4  
  106  6:20  Zergling x2  
  106  6:21  Zergling x4  
  109  6:28  Zergling x4  
  109  6:32  Zergling x8  
  114  6:33  Queen x3  
  114  6:34  Overlord  
  114  6:36  Hydralisk Den  
  114  6:37  Centrifical Hooks  
  114  6:39  Baneling x4  
  119  6:44  Zergling x8  
  124  6:47  Zergling x4  
  124  6:48  Zergling x2  
  124  6:53  Zergling x2  
  127  6:58  Zergling x2  
  127  7:00  Zergling x2  
  127  7:01  Overlord, Zergling x4  
  131  7:06  Zergling x4  
  131  7:09  Baneling x3  
  131  7:12  Queen  
  131  7:13  Zergling x2  
  132  7:17  Zergling x2  
  132  7:18  Zergling x2  
  132  7:19  Hydralisk  
  132  7:20  Extractor  
  133  7:26  Hydralisk  
  133  7:33  Hydralisk x3  
  133  7:34  Zergling x2  
  122  7:38  Hydralisk x2  
  122  7:41  Zergling x2  
  122  7:42  Queen x2, Zergling x2  
  121  7:52  Hydralisk x3  
  121  8:05  Hydralisk  
  121  8:06  Hydralisk  
  121  8:08  Hydralisk  
  121  8:11  Hydralisk  
  114  8:16  Hydralisk  
  114  8:17  Hydralisk x4  
  124  8:22  Baneling  
  124  8:23  Baneling x3  
  124  8:27  Queen, Drone x3  
  124  8:29  Zerg Ground Armor Level 2  
  124  8:33  Overlord  
  127  8:34  Drone x3  
  127  8:35  Zergling x6, Drone  
  134  8:41  Drone x3  
  134  8:46  Hydralisk  
  139  8:52  Zergling x12  
  144  9:00  Drone x2  
  144  9:01  Drone  
  144  9:02  Drone  
  148  9:05  Overlord, Extractor  
  148  9:06  Infestation Pit  
  148  9:09  Baneling x7  
  146  9:10  Hatchery  
  146  9:13  Zergling x6  
  141  9:19  Zergling x2  
  141  9:20  Zergling x10  
  141  9:21  Zergling x2  
  141  9:22  Zergling x2  
  147  9:28  Muscular Augments  
  147  9:30  Drone x2  
  149  9:32  Overlord  
  149  9:33  Hydralisk x2  
  149  9:34  Hydralisk  
  149  9:37  Baneling  
  149  9:38  Baneling x5  
  155  9:40  Drone  
  156  9:48  Zergling x6  
  158  9:56  Zergling x8  
  162  10:00  Hydralisk x2, Swarm Host  
  162  10:01  Zergling x4  
  162  10:02  Overlord, Zergling x2  
  162  10:03  Overlord  
  162  10:04  Zergling x2  
  162  10:06  Spore Crawler  
  162  10:07  Hive  
  172  10:08  Baneling x2  
  169  10:15  Hydralisk x2  
  169  10:19  Hydralisk x2  
  166  10:24  Baneling x5  
  166  10:26  Zergling x8  
  151  10:30  Hydralisk  
  151  10:31  Hydralisk x2  
  151  10:32  Zergling x6  
  151  10:33  Hydralisk  
  151  10:34  Zergling x2  
  137  10:39  Zergling x6  
  137  10:42  Zergling x4  
  133  10:47  Hydralisk x2  
  133  10:49  Zergling x2  
  113  10:51  Hydralisk  
  113  10:52  Zergling x2  
  113  10:57  Hydralisk x2  
  98  11:03  Zergling x4  
  98  11:04  Zergling x2  
  105  11:06  Zergling x2  
  105  11:07  Zergling x2  
  105  11:08  Zergling x2  
  105  11:10  Zergling x4  
  110  11:15  Baneling x6  
  110  11:16  Baneling x4  
  110  11:20  Viper  
  110  11:22  Drone x3  
  110  11:24  Drone x2  
  117  11:26  Drone  
  117  11:27  Drone x2  
  117  11:29  Baneling x2  
  120  11:35  Hydralisk  
  120  11:36  Zergling x2  
  122  11:41  Zergling x2  
  122  11:42  Zergling x4  
Show
View Real Time Build Order
Export as new Build Order

lIIllllIIlll Terran - Winner!

Build Orders: Reaper Expand, Bio Tank 

Get SALT Encoding   

  12  0:00  SCV  
  13  0:13  SCV  
  14  0:16  Supply Depot  
  14  0:25  SCV  
  15  0:38  SCV  
  15  0:40  Barracks  
  16  0:44  Refinery  
  16  0:50  SCV  
  17  1:02  SCV  
  18  1:14  SCV  
  19  1:26  Reaper  
  19  1:27  Orbital Command  
  20  1:38  Command Center  
  20  1:48  Barracks  
  20  1:52  SCV  
  21  1:59  Barracks Reactor  
  21  2:04  SCV  
  22  2:09  Refinery, Supply Depot  
  22  2:16  SCV  
  23  2:23  Factory  
  23  2:31  SCV  
  23  2:35  Marine x2  
  23  2:36  Barracks Tech Lab  
  26  2:43  SCV  
  27  2:55  SCV  
  27  2:56  Stimpack  
  28  3:02  Orbital Command  
  28  3:03  Marine x3  
  31  3:07  SCV  
  32  3:15  Starport  
  32  3:21  SCV  
  32  3:23  Factory Reactor  
  32  3:24  Marine x3  
  36  3:29  SCV  
  36  3:33  SCV  
  38  3:37  Supply Depot  
  37  3:41  SCV  
  37  3:43  Marine x3  
  37  3:45  SCV  
  42  3:51  Supply Depot  
  42  3:53  SCV  
  43  3:57  SCV  
  43  4:01  Medivac  
  43  4:02  Medivac, Marine x2  
  48  4:03  Marine  
  48  4:07  Engineering Bay  
  51  4:14  Engineering Bay, SCV x2  
  53  4:20  Refinery  
  53  4:21  Marine  
  53  4:22  Refinery, Marine  
  55  4:24  Marine  
  55  4:27  SCV x2  
  58  4:35  Supply Depot  
  58  4:39  Terran Infantry Armor Level 1, Terran Infantry Weapons Level 1  
  58  4:41  Factory Tech Lab  
  58  4:46  SCV x2  
  58  4:48  Marine x2  
  62  4:55  Barracks  
  62  4:56  Marine  
  62  4:59  Supply Depot  
  63  5:04  Siege Tank  
  66  5:09  SCV x2  
  66  5:13  Marine  
  70  5:15  Combat Shields  
  70  5:18  Supply Depot  
  69  5:21  Marine  
  69  5:22  Marine  
  69  5:24  SCV  
  69  5:25  SCV  
  73  5:32  Medivac  
  75  5:36  Siege Tank  
  75  5:38  Supply Depot  
  75  5:42  Marine x3  
  81  5:43  Marine  
  81  5:44  Marine  
  83  5:51  Supply Depot, SCV x2  
  85  6:00  Marine x3  
  85  6:01  Supply Depot, Marine  
  85  6:02  Marine  
  85  6:03  Starport Reactor  
  90  6:08  Siege Tank  
  93  6:14  SCV x2  
  95  6:19  Armory  
  95  6:20  Marine x3  
  95  6:21  Marine  
  95  6:23  Supply Depot  
  99  6:34  Marine  
  99  6:37  Marine  
  99  6:38  Supply Depot, Marine x2  
  99  6:39  Marine  
  104  6:43  Medivac x2  
  108  6:48  Siege Tank  
  111  6:54  Supply Depot  
  111  6:59  Marine x3  
  111  7:00  Marine x2  
  116  7:08  Terran Infantry Armor Level 2, Terran Infantry Weapons Level 2  
  116  7:17  Marine x5  
  116  7:19  Medivac  
  116  7:20  Medivac  
  98  7:38  Marine  
  98  7:39  Marine x4  
  96  7:47  Siege Tank  
  99  7:52  Medivac  
  99  7:53  Medivac  
  99  7:56  Marine x2  
  99  7:57  Marine x2  
  99  8:07  Marine  
  84  8:14  Command Center, Marine x3  
  84  8:15  Marine  
  84  8:19  Siege Tank  
  91  8:25  Marine  
  92  8:30  SCV x2  
  92  8:32  Marine x4  
  94  8:42  Liberator x2  
  94  8:43  Marine, SCV x2  
  96  8:50  Marine x4  
  96  8:52  Siege Tank  
  96  8:53  Barracks  
  96  8:54  Barracks  
  103  8:55  SCV x2  
  103  9:01  Marine  
  111  9:07  SCV  
  111  9:08  Marine x4, SCV  
  116  9:19  Marine  
  116  9:21  SCV x2  
  122  9:29  Orbital Command  
  119  9:32  Refinery x2  
  119  9:33  SCV  
  119  9:34  Marine  
  119  9:35  Marine x2  
  119  9:36  Marine x2  
  125  9:41  Siege Tank  
  125  9:44  Barracks Reactor x2  
  128  9:49  SCV x2  
  130  9:58  Marine  
  130  9:59  Marine x4  
  134  10:01  SCV  
  134  10:02  SCV  
  134  10:04  SCV  
  138  10:10  Factory  
  138  10:13  SCV, Siege Tank  
  139  10:19  Marine x3  
  139  10:20  Marine x2  
  142  10:27  Medivac x2  
  139  10:31  Marine x4  
  138  10:37  Marine x3  
  138  10:41  Supply Depot, Marine  
  140  10:43  Marine  
  140  10:47  Siege Tank  
  140  10:49  Marine  
  132  10:50  Marine  
  132  10:53  Marine  
  126  11:02  Marine  
  126  11:03  Marine x4  
  126  11:05  Medivac x2  
  126  11:10  Marine  
  126  11:11  Marine x3  
  133  11:16  Factory Tech Lab  
  134  11:20  Marine  
  134  11:21  Marine x4, Siege Tank  
  139  11:28  Marine x3  
  139  11:29  Marine  
  149  11:44  Supply Depot x2  
Tags
 
Add a new tag
Caveats
  • Supply blocks, unpowered buildings, or Contaminate may cause inaccurate times.
  • Supply counts are checked every 10 seconds.